 Dungeon Crawl Stone Soup version 0.26.0-11-g8f856b5395 (webtiles) character file.

Game seed: 16954317172624160408

228 jackrogers the Chopper (level 5, -3/45 HPs)
             Began as a Draconian Abyssal Knight on Jan 14, 2021.
             Was a Priest of Lugonu.
             Slain by an orc
             ... wielding a +0 flail
              (8 damage)
             ... on level 4 of the Dungeon.
             The game lasted 00:04:33 (3844 turns).

jackrogers the Chopper (Draconian Abyssal Knight)   Turns: 3844, Time: 00:04:34

Health: -3/45      AC:  5    Str: 16    XL:     5   Next: 70%
Magic:  6/6        EV: 12    Int: 12    God:    Lugonu [***...]
Gold:   302        SH:  0    Dex: 10    Spells: 4/4 levels left

rFire    . . .     SeeInvis .   a - +2 hand axe
rCold    . . .     Faith    .   (no shield)
rNeg     . . .     Spirit   .   (armour unavailable)
rPois    .         Reflect  .   (helmet restricted)
rElec    .         Harm     .   p - scarf {+Inv}
rCorr    .         Rampage  .   (no gloves)
Will     .....                  (no boots)
Stlth    +.........             r - amulet of the acrobat
HPRegen  0.15/turn              (no ring)
MPRegen  0.10/turn              (no ring)

@: hasted, very quick
A: unfitting armour, cold-blooded, AC +5
a: Renounce Religion, Evoke Invisibility, Depart the Abyss, Bend Space, Banish


You were on level 4 of the Dungeon.
You worshipped Lugonu.
Lugonu was most pleased with you.
You visited 1 branch of the dungeon, and saw 4 of its levels.
You visited the Abyss 1 time.

You collected 302 gold pieces.

Inventory:

Hand Weapons
 a - a +2 hand axe (weapon)
 o - a cursed -2 war axe
   (You found it on level 3 of the Dungeon)
Armour
 p - a scarf of invisibility (worn)
   (You found it on level 3 of the Dungeon)
Jewellery
 r - an amulet of the acrobat (around neck)
   (You found it on level 3 of the Dungeon)
Wands
 d - a wand of paralysis (9)
   (You found it on level 2 of the Dungeon)
 m - a wand of digging (11)
   (You found it on level 2 of the Dungeon)
Scrolls
 b - a scroll of remove curse
 h - 4 scrolls of teleportation
 n - a scroll of magic mapping {!r}
Potions
 c - a potion of curing {unknown}
 e - a potion of flight {unknown}
 f - a potion of attraction {unknown}
 g - a potion of mutation {unknown}
 i - a potion of haste
 j - a potion of might {unknown}
 k - 2 potions of heal wounds {unknown}
 l - 2 potions of degeneration {!q}


   Skills:
 - Level 3.2 Fighting
 + Level 6.1 Axes
 - Level 2.1 Dodging
 - Level 2.0 Invocations


You had 4 spell levels left.
You didn't know any spells.
Your spell library was empty.

Dungeon Overview and Level Annotations

Branches:
Dungeon (4/15)
 Temple: D:4-7

Altars:
Nemelex Xobeh


Innate Abilities, Weirdness & Mutations

Your plain brown scales are hard. (AC +5)
You cannot fit into any form of body armour.
You are cold-blooded and may be slowed by cold attacks.


Message History

a +0 dagger; a cursed +0 robe You hit the adder.
The adder barely misses you.
You hit the adder.
Your tail-slap misses the adder.
The adder barely misses you. The adder bites you but does no damage.
You hit the adder. The adder closely misses you.
You closely miss the adder.
Your tail-slap misses the adder.
The adder barely misses you.
You slash the adder!
You kill the adder!
Lugonu accepts your kill.
Your Axes skill increases to level 6!
Things that are here:
a +0 hand axe; an adder corpse; an orc corpse
Things that are here:
a +0 hand axe; an adder corpse; an orc corpse You start resting.
n - a scroll of magic mapping {!r} You now have 302 gold pieces (gained 8). 2 jackals come into view.
There are monsters nearby!
There are monsters nearby!
You completely miss the jackal. You tail-slap the jackal.
The jackal misses you.
You hit the jackal.
You kill the jackal!
Lugonu accepts your kill.
You hit the jackal but do no damage. The jackal closely misses you.
The jackal bites you.
You hit the jackal.
Your tail-slap misses the jackal.
The jackal barely misses you.
You hit the jackal.
You kill the jackal!
Lugonu accepts your kill.
No target in view!
No target in view!
An iguana comes into view.
An iguana is nearby!
An iguana is nearby!
The iguana hisses angrily.
You hear a bark!
A jackal comes into view. x2
The jackal barks!
You hear a shout! x2
You see here a jackal corpse.
The jackal bites you but does no damage.
You hit the jackal. The jackal closely misses you.
The jackal bites you but does no damage.
You hit the jackal but do no damage. You hit the jackal.
The jackal barely misses you.
An orc comes into view. It is wielding a +0 hand axe.
The jackal bites you but does no damage.
The jackal misses you.
You barely miss the jackal.
The orc shouts!
You tail-slap the jackal.
You kill the jackal!
Lugonu accepts your kill.
You closely miss the jackal. The jackal closely misses you.
An orc comes into view. It is wielding a +0 hand axe.
An orc comes into view. It is wielding a +0 flail.
An orc comes into view. It is wielding a +2 dagger of venom.
The jackal bites you but does no damage.
You hit the jackal.
You kill the jackal!
Lugonu accepts your kill.
You barely miss the iguana. The iguana bites you!
You barely miss the iguana. The iguana barely misses you.
You hit the iguana.
The iguana bites you but does no damage.
You hit the iguana but do no damage. The iguana misses you.
You hit the iguana. You hit the orc. The iguana closely misses you.
The orc hits you with a +0 hand axe.
You hit the iguana.
You tail-slap the iguana, but do no damage.
You hit the orc but do no damage. The iguana barely misses you.
The orc closely misses you.
You hit the iguana but do no damage.
You tail-slap the iguana, but do no damage.
You hit the orc but do no damage. You hit the orc. The orc closely misses you.
The iguana bites you.
An orc comes into view.
You are too injured to fight recklessly!
You are too injured to fight recklessly!
You are too injured to fight recklessly!
You are too injured to fight recklessly!
Unknown command.
The orc shouts!
You hit the iguana. You hit the orc. You barely miss the orc.
The orc hits you with a +0 hand axe. The iguana bites you!
* * * LOW HITPOINT WARNING * * *
The orc barely misses you. The orc closely misses you.
You see here a jackal corpse.
You hit the orc. x2; The orc hits you with a +0 hand axe.
* * * LOW HITPOINT WARNING * * *
You barely miss the orc. You closely miss the orc.
The orc hits you with a +0 flail.
* * * LOW HITPOINT WARNING * * *
The orc closely misses you.
Okay, then.
You feel yourself speed up. The orc hits you with a +0 flail!
You die...

### #.## ######..# #
######.##..o†#..#..
###.#.....#looo.?....
##...........@#...###.
##..#.........##..##
##.............# ...o
##....#.#.......#
#....
#........#........
..###
#.#.#.#.......##......
.......#.....##
....... ....#...#....#
... .....#...#...


You could see an iguana and 4 orcs.

Vanquished Creatures
  2 orc wizards
  A worker ant (D:4)
  3 adders
  An ooze (D:2)
  4 worms (D:3)
  A dart slug (D:1)
  A leopard gecko (D:1)
  9 orcs
  6 bats
  A giant cockroach (D:1)
  14 goblins
  14 hobgoblins
  8 jackals
  7 kobolds
  2 quokkas (D:2)
  4 frilled lizards
  7 rats
85 creatures vanquished.

Vanquished Creatures (others)
  A plant (D:3)
1 creature vanquished.

Grand Total: 86 creatures vanquished

Notes
Turn   | Place    | Note
-------+----------+-------------------------------------------
     0 | Abyss:1  | jackrogers the Draconian Abyssal Knight began the quest for
                  | the Orb.
     0 | Abyss:1  | Reached XP level 1. HP: 19/19 MP: 2/2
   100 | Abyss:1  | Noticed a raiju
   103 | Abyss:1  | Noticed a will-o-the-wisp
   110 | D:1      | Escaped the Abyss
   218 | D:1      | Reached * piety under Lugonu
   251 | D:1      | Reached XP level 2. HP: 20/26 MP: 3/3
   411 | D:1      | Reached skill level 3 in Axes
   823 | D:1      | Reached XP level 3. HP: 31/31 MP: 4/4
  1294 | D:2      | Found a sparkling altar of Nemelex Xobeh.
  1414 | D:2      | Reached skill level 4 in Axes
  1738 | D:2      | Reached ** piety under Lugonu
  1759 | D:2      | Reached XP level 4. HP: 38/38 MP: 5/5
  2100 | D:3      | HP: 8/38 [orc wizard/+0 dagger (4)]
  2104 | D:3      | HP: 2/38 [orc wizard/+0 dagger (4)]
  2109 | D:3      | HP: 1/38 [orc wizard/+0 dagger (1)]
  2111 | D:3      | Reached skill level 5 in Axes
  2825 | D:3      | Reached XP level 5. HP: 45/45 MP: 6/6
  3445 | D:4      | Upgraded the game from 0.26.0-10-g1f06aea511 to
                  | 0.26.0-11-g8f856b5395
  3619 | D:4      | Reached *** piety under Lugonu
  3639 | D:4      | Reached skill level 6 in Axes
  3842 | D:4      | HP: 11/45 [orc/+0 hand axe (3)]
  3843 | D:4      | HP: 5/45 [orc/+0 flail (6)]
  3844 | D:4      | Slain by an orc

Illustrated notes

Levels and vault maps discovered:
D:1:      tarquinn_simple_flora_water_a, layout_loops_cross,
          hangedman_abyss_or_decor_stabs, minmay_splitting_lines
D:2:      layout_basic, nicolae_overflow_crystal_walls
D:3:      corexii_shack_village, layout_basic
D:4:      layout_cave_pools, hangedman_decor_opposing

Skill      XL: |  1  2  3  4  5 |
---------------+----------------+-----
Axes           | 3 4 5 6 |  6.1
Fighting       | |  3.2
Dodging        | |  2.1
Invocations    | |  2.0

Action                   |  1- 3 |  4- 6 || total
-------------------------+-------+-------++-------
Melee: Hand axe          |    95 |   130 ||   225
       Tailslap          |    10 |    10 ||    20
Invok: Depart the Abyss  |     1 |       ||     1
  Use: Scroll            |     6 |     4 ||    10
       Potion            |       |     1 ||     1
 Stab: Sleeping          |     2 |       ||     2
Armor: Skin              |    29 |    35 ||    64
Dodge: Dodged            |    61 |    81 ||   142

Table legend: (Time is in decaauts)
 A = Elapsed time spent in this place.
 B = Non-inter-level travel time spent in this place.
 C = Inter-level travel time spent in this place.
 D = Time resting spent in this place.
 E = Time spent auto-exploring this place.
 F = Levels seen in this place.
 G = Mean time per level.
                   A        B        C        D        E       F      G
               +--------+--------+--------+--------+--------+-----+--------+
         Total |   3884 |   3782 |    102 |    930 |   2331 |   5 |  776.8 |
       Dungeon |   3774 |   3672 |    102 |    930 |   2232 |   4 |  943.5 |
         Abyss |    110 |    110 |      0 |      0 |     99 |   1 |  110.0 |
               +--------+--------+--------+--------+--------+-----+--------+

Top non-repeatable levels by time:
     D:3: 1575 daAuts
     D:1: 1020 daAuts
     D:2: 905 daAuts
     D:4: 272 daAuts
 Abyss:1: 110 daAuts

Table legend:
 A = Kills in this place as a percentage of kills in entire the game.
 B = Kills by you in this place as a percentage of kills by you in the entire game.
 C = Kills by friends in this place as a percentage of kills by friends in the entire game.
 D = Other kills in this place as a percentage of other kills in the entire game.
 E = Experience gained in this place as a percentage of experience gained in the entire game.
 F = Experience gained in this place divided by the number of levels of this place that you have seen.
                   A       B       C       D       E      F
               +-------+-------+-------+-------+-------+----------------------
         Total | 100.0 | 100.0 |   N/A |   N/A | 100.0 |  65.2
       Dungeon | 100.0 | 100.0 |   N/A |   N/A | 100.0 |  81.5
               +-------+-------+-------+-------+-------+----------------------
